Cogmind - Beta 16 @@@ ROGUE MODE // 2025.12.31 @ 16:28:40 Player: GiggleBox Result: Self-destructed Performance ------------- Evolutions (2) 1000 Regions Visited (5) 1000 Robots Destroyed (7) 35 Value Destroyed (74) 74 Prototype IDs (24) 480 Alien Tech Used (0) 0 Bonus (300) 300 TOTAL SCORE: 2889 Bonus ------- Aligned with FarCom 300 Cogmind --------- Core Integrity 550/550 Matter 260/300 Energy 21/125 System Corruption 0% Temperature Warm (136) Movement Flying (50) Location -8/Materials Parts ------- > --- POWER (1) -------- Light Ion Engine > --- PROPULSION (4) --- Flying Fortress v7 > --- UTILITY (4) ------ Medium Storage Unit Improved Terrain Scan Processor > --- WEAPON (2) ------- Medium Laser Medium Laser > --- INVENTORY (10) --- Light Ion Engine Experimental Sensor Array Seismic Detector ECM Suite Grenade Launcher Rocket Launcher Mining Laser Peak State ------------ > --- POWER ------------ Light Ion Engine > --- PROPULSION ------- Flying Fortress v7 > --- UTILITY ---------- Medium Storage Unit Experimental Sensor Array Seismic Detector > --- WEAPON ----------- Medium Laser Medium Laser > --- INVENTORY -------- Light Ion Engine ECM Suite Grenade Launcher Rocket Launcher Mining Laser [Rating: 46] Favorites ----------- Power Light Ion Engine Engine Light Ion Engine Propulsion Light Treads Treads Light Treads Leg Aluminum Leg Flight Unit Flying Fortress v7 Utility Seismic Detector Device Seismic Detector Storage Small Storage Unit Processor Improved Terrain Scan Processor Weapon Medium Laser Energy Gun Medium Laser Launcher Grenade Launcher Build | -11 -10 -10 -10 -9 -8 ------- Run | Yrd Mat Min Exi Min Mat Slots Evolved 4 | . . . . . 4 Power . | . . . . . . Propulsion 2 | . . . . . 2 Utility 2 | . . . . . 2 Weapon . | . . . . . . Parts Attached 10 | 2 2 . 1 2 3 Power . | . . . . . . Engine . | . . . . . . Core . | . . . . . . Reactor . | . . . . . . Propulsion 3 | . 2 . . . 1 Treads 2 | . 2 . . . . Leg . | . . . . . . Wheel . | . . . . . . Hover . | . . . . . . Flight 1 | . . . . . 1 Utility 4 | 1 . . 1 . 2 Device 2 | 1 . . . . 1 Storage 1 | . . . 1 . . Processor 1 | . . . . . 1 Hackware . | . . . . . . Protection . | . . . . . . Artifact . | . . . . . . Weapon 3 | 1 . . . 2 . Energy Gun 2 | 1 . . . 1 . Energy Cannon . | . . . . . . Ballistic Gun . | . . . . . . Ballistic Cannon . | . . . . . . Launcher 1 | . . . . 1 . Special Weapon . | . . . . . . Impact Weapon . | . . . . . . Slashing Weapon . | . . . . . . Piercing Weapon . | . . . . . . Special Melee Weapon . | . . . . . . Unidentified Prototypes 1 | . . . . . 1 Parts Lost . | . . . . . . Power . | . . . . . . Propulsion . | . . . . . . Utility . | . . . . . . Weapon . | . . . . . . Highest Loss Streak . | . . . . . . To Critical Strikes . | . . . . . . Average Backups 6 | 6 6 6 7 7 7 Power 1 | 1 1 1 1 1 1 Propulsion 1 | 4 3 1 1 1 . Utility 1 | . . 1 2 2 2 Weapon 2 | 1 1 3 2 2 3 Tool/Special . | . . . . . . Unused Backups 13 | . 8 . 1 1 3 Power 2 | . 1 . . . 1 Propulsion 6 | . 5 . . 1 . Utility 2 | . 1 . . . 1 Weapon 3 | . 1 . 1 . 1 Tool/Special . | . . . . . . Average Slot Usage (%) 98 | . 100 100 100 100 51 Engine 13 | . 14 14 14 14 9 Treads 27 | . 27 28 28 28 2 Device 13 | . 14 14 14 14 2 Storage 13 | . 14 14 14 14 9 Energy Gun 27 | . 28 28 28 24 18 Peak Build Rating 46 | 7 7 8 11 11 46 Average Rating 8 | 6 7 7 8 11 37 On Entrance 8 | 6 7 7 8 11 11 Avg Prop Armor Cover (%) . | . . . . . . Naked Turns . | . . . . . . Heaviest Build 18 | 13 13 13 18 18 17 Greatest Support 50 | 20 40 40 40 40 50 Greatest Overweight (x) . | . . . . . . Average Overweight (x) . | . . . . . . Largest Inventory Capacity 10 | 8 8 8 10 10 10 Average Capacity 8 | 8 8 8 9 10 10 Most Carried 10 | 6 8 7 10 10 10 Average Carried 7 | 6 6 6 7 9 7 Final Capacity 10 | 8 8 8 10 10 10 Final Carried 10 | 6 5 7 10 10 7 Class Distribution -------------------- 100% | Mutant Dominant Class ---------------- Mutant | -10/Materials Mutant | -10/Mines Mutant | -10/Exiles Mutant | -9/Mines Mutant | -8/Materials Resources | -11 -10 -10 -10 -9 -8 ----------- Run | Yrd Mat Min Exi Min Mat Matter Collected 257 | 220 15 5 . 17 . Remotely . | . . . . . . Salvage Created 145 | 109 15 . . 21 . Parts 13 | 6 3 . . 4 . Haulers Intercepted . | . . . . . . Recyclers Shooed 2 | 1 . . . 1 . Parts Field Recycled . | . . . . . . Retrieved Matter . | . . . . . . Parts Self-Destructed . | . . . . . . Prevented . | . . . . . . Parts Restored . | . . . . . . Kills | -11 -10 -10 -10 -9 -8 ------- Run | Yrd Mat Min Exi Min Mat Combat Hostiles Destroyed 3 | . . . . 3 . AOE 3 | . . . . 3 . Classes Destroyed 5 | 2 1 . . 2 . Builder 1 | . . . . 1 . Tunneler 1 | 1 . . . . . Recycler 1 | 1 . . . . . Watcher 1 | . 1 . . . . Swarmer 3 | . . . . 3 . Best Kill Streak 4 | 2 1 . . 4 . Combat Bots Only 3 | . . . . 3 . Max Kills in Single Turn 3 | 1 1 . . 3 . Gunslinging . | . . . . . . Exploded 3 | . . . . 3 . Melee . | . . . . . . Uniques/NPCs Destroyed . | . . . . . . Combat | -11 -10 -10 -10 -9 -8 -------- Run | Yrd Mat Min Exi Min Mat Hostile Shots Fired 13 | . . . . 3 10 Missed 5 | . . . . 1 4 Hits 8 | . . . . 2 6 Projectile 8 | . . . . 2 6 Damage Taken 107 | . . . . 18 89 Core . | . . . . . . Absorbed by Shields . | . . . . . . Core Remaining (%) 100 | 100 . . . 100 . Volleys Fired 12 | 5 2 . . 1 4 Largest 2 | 2 2 . . 1 2 Hottest 100 | 90 100 . . 30 100 Shots Fired 23 | 10 4 . . 1 8 Gun 22 | 10 4 . . . 8 Cannon . | . . . . . . Launcher 1 | . . . . 1 . Special . | . . . . . . Kinetic . | . . . . . . Thermal 22 | 10 4 . . . 8 Explosive 1 | . . . . 1 . Electromagnetic . | . . . . . . Robot Hit Streak 5 | 4 1 . . . 5 Robot Miss Streak 3 | 2 3 . . . 1 Penetration Max . | . . . . . . Secondary Targets . | . . . . . . Shots Hit Robots 13 | 6 1 . . . 6 Core Hits 8 | 3 1 1 . 3 . Critical Kills . | . . . . . . Critical Parts Destroyed . | . . . . . . Critical Strikes . | . . . . . . Melee Attacks . | . . . . . . Impact . | . . . . . . Slashing . | . . . . . . Piercing . | . . . . . . Sneak Attacks . | . . . . . . Combat Hostiles . | . . . . . . Follow-up Attacks . | . . . . . . Damage Inflicted 313 | 74 13 11 . 140 75 Guns 162 | 74 13 . . . 75 Cannons . | . . . . . . Explosions 121 | . . . . 121 . Melee . | . . . . . . Ramming 30 | . . 11 . 19 . Kinetic . | . . . . . . Thermal 162 | 74 13 . . . 75 Explosive 121 | . . . . 121 . Electromagnetic . | . . . . . . Impact . | . . . . . . Slashing . | . . . . . . Piercing . | . . . . . . Highest Corruption . | . . . . . . Average Corruption . | . . . . . . Corruption Purged . | . . . . . . Corruption Blocked . | . . . . . . Overload Shots . | . . . . . . Overflow Damage . | . . . . . . Projectiles . | . . . . . . Explosions . | . . . . . . Melee . | . . . . . . Knockbacks . | . . . . . . Impact . | . . . . . . Kinetic . | . . . . . . Secondary . | . . . . . . Self-Inflicted Damage . | . . . . . . Shots . | . . . . . . Rammed 9 | . . 5 . 4 . Targets Rammed 10 | . . 5 . 5 . Kicked . | . . . . . . Crushed 1 | . . . . 1 . Highest Temperature 136 | 75 24 . . . 136 Average Temperature 43 | 37 12 . . . 73 Received Heat Transfer 27 | . . . . . 27 Siege Activations . | . . . . . . Martial Activations . | . . . . . . Shielding Activations . | . . . . . . Robots Disrupted . | . . . . . . Combat Hostiles . | . . . . . . Robots Corrupted . | . . . . . . Combat Hostiles . | . . . . . . Parts Fried . | . . . . . . Impact Corruptions . | . . . . . . Robots Melted . | . . . . . . Combat Hostiles . | . . . . . . Parts Melted 1 | 1 . . . . . Heat Transferred 445 | 186 37 . . . 222 Parts Sabotaged . | . . . . . . Parts Stolen . | . . . . . . Parts Stripped . | . . . . . . Power Chain Reactions . | . . . . . . Alert | -11 -10 -10 -10 -9 -8 ------- Run | Yrd Mat Min Exi Min Mat Maximum Alert Level . | . . . . . . Low Security (%) 100 | 100 100 100 . 100 100 Level 1 . | . . . . . . Level 2 . | . . . . . . Level 3 . | . . . . . . Level 4 . | . . . . . . Level 5 . | . . . . . . High Security . | . . . . . . Max Security . | . . . . . . Peak Influence 93 | 10 7 . . 93 29 Initial 29 | . . . . . 29 Average 10 | 4 . . . 83 26 Influence Increases 130 | 10 22 . . 98 . Destroy 0b10 Robot/C 60 | . . . . 60 . Destroy 0b10 Robot/NC 20 | 10 5 . . 5 . Destroy Leader 12 | . 2 . . 10 . Disable Machine 15 | . . . . 15 . Destroy Structure 8 | . . . . 8 . Lose Combat Pursuer 15 | . 15 . . . . Influence Decreases 111 | 10 22 . . 20 59 Entered New Map 49 | . . . . . 49 Time Decay 62 | 10 22 . . 20 10 Squads Dispatched 2 | . 2 . . . . Investigation 2 | . 2 . . . . Extermination . | . . . . . . Reinforcement . | . . . . . . Assault . | . . . . . . Garrison . | . . . . . . Intercept . | . . . . . . Searches Triggered . | . . . . . . Construction Impeded . | . . . . . . Haulers Reinforced . | . . . . . . Active Scanning Responses . | . . . . . . Cargo Convoy Interrupts . | . . . . . . Stealth | -11 -10 -10 -10 -9 -8 --------- Run | Yrd Mat Min Exi Min Mat Distress Signals 1 | . 1 . . . . Communications Jammed . | . . . . . . Distress Signals . | . . . . . . Times Spotted 6 | . 2 . . 3 1 Peak Tracking Total 3 | . 2 . . 3 1 Tactical Retreats 1 | . 1 . . . . Traps | -11 -10 -10 -10 -9 -8 ------- Run | Yrd Mat Min Exi Min Mat Traps Triggered . | . . . . . . Indirectly . | . . . . . . Trap Hack Attempts . | . . . . . . Triggered . | . . . . . . Disarmed . | . . . . . . Reprogrammed . | . . . . . . Reused . | . . . . . . Traps Extracted . | . . . . . . Installed . | . . . . . . Triggered . | . . . . . . Machines | -11 -10 -10 -10 -9 -8 ---------- Run | Yrd Mat Min Exi Min Mat Machines Disabled 1 | . . . . 1 . Max in Single Turn 1 | . . . . 1 . Machines Repaired . | . . . . . . Machines Dismantled . | . . . . . . Machines Sabotaged . | . . . . . . Overloaded Fab Kills . | . . . . . . Hacking | -11 -10 -10 -10 -9 -8 --------- Run | Yrd Mat Min Exi Min Mat Machines Accessed 2 | . . . 2 . . Terminals . | . . . . . . Fabricators . | . . . . . . Repair Stations . | . . . . . . Recycling Units . | . . . . . . Scanalyzers . | . . . . . . Garrison Access . | . . . . . . Total Hacks 5 | . . . 5 . . Successful 5 | . . . 5 . . Failed . | . . . . . . Catastrophic . | . . . . . . Database Lockouts . | . . . . . . Manual 1 | . . . 1 . . Terminals . | . . . . . . Fabricators . | . . . . . . Repair Stations . | . . . . . . Recycling Units . | . . . . . . Scanalyzers . | . . . . . . Garrison Access . | . . . . . . Terminal Hacks 5 | . . . 5 . . Record 4 | . . . 4 . . Proto ID Catalog 1 | . . . 1 . . Fabricator Hacks . | . . . . . . Repair Station Hacks . | . . . . . . Recycling Unit Hacks . | . . . . . . Scanalyzer . | . . . . . . Garrison Access Hacks . | . . . . . . Unauthorized Hacks . | . . . . . . Terminals . | . . . . . . Fabricators . | . . . . . . Repair Stations . | . . . . . . Recycling Units . | . . . . . . Scanalyzers . | . . . . . . Garrison Access . | . . . . . . Data Cores Recovered . | . . . . . . Used . | . . . . . . Hacking Detections . | . . . . . . Full Trace Events . | . . . . . . Feedback Events . | . . . . . . Feedback Blocked . | . . . . . . Robot Schematics Acquired . | . . . . . . Robots Built . | . . . . . . Authchips . | . . . . . . Time . | . . . . . . Total Robot Build Rating . | . . . . . . Part Schematics Acquired . | . . . . . . Parts Built . | . . . . . . Authchips . | . . . . . . Time . | . . . . . . Total Part Build Rating . | . . . . . . Part Studies Acquired . | . . . . . . Parts Repaired . | . . . . . . Time . | . . . . . . Parts Recycled . | . . . . . . Recycled Matter . | . . . . . . Retrieved Matter . | . . . . . . Retrieved Components . | . . . . . . Parts Scanalyzed . | . . . . . . Part Schematics Acquired . | . . . . . . Parts Damaged . | . . . . . . Bothacking | -11 -10 -10 -10 -9 -8 ------------ Run | Yrd Mat Min Exi Min Mat Used RIF Installer . | . . . . . . Robots Hacked . | . . . . . . Non-combat . | . . . . . . Combat . | . . . . . . Robot Hacks Applied . | . . . . . . Relay Couplers Released . | . . . . . . Fabnet Peak Effective % . | . . . . . . Robots Rewired . | . . . . . . Allies Hacked . | . . . . . . Hacks Repelled . | . . . . . . Allies | -11 -10 -10 -10 -9 -8 -------- Run | Yrd Mat Min Exi Min Mat Total Allies 2 | . . 2 . . . Largest Group 2 | . . 2 2 . . Highest-Rated Group 44 | . . 44 44 . . Highest-Rated Ally 31 | . . 31 31 . . Total Orders . | . . . . . . Ally Attacks . | . . . . . . Total Damage . | . . . . . . Kills . | . . . . . . Allies Corrupted . | . . . . . . Allies Melted . | . . . . . . Intel | -11 -10 -10 -10 -9 -8 ------- Run | Yrd Mat Min Exi Min Mat Active Infowar (turns) 1227 | 9 220 214 724 56 4 Sensors 1 | . . . . . 1 Seismic 1227 | 9 220 214 724 56 4 Robot Analysis Total . | . . . . . . Derelict Logs Recovered 1 | . . . . 1 . Drone Launches . | . . . . . . Drone Recoveries . | . . . . . . Exploration | -11 -10 -10 -10 -9 -8 ------------- Run | Yrd Mat Min Exi Min Mat Turns Passed 1269 | 29 220 214 724 56 26 Spaces Moved 752 | 10 130 124 449 23 16 Core . | . . . . . . Treads 726 | . 130 124 449 23 . Legs 10 | 10 . . . . . Wheels . | . . . . . . Hover . | . . . . . . Flight 16 | . . . . . 16 Fastest Speed 50 | 120 160 160 160 160 50 Average Speed 157 | 120 160 160 160 160 50 Slowest Speed 160 | 120 160 160 160 160 50 Overloaded Moves . | . . . . . . Propulsion Burnouts . | . . . . . . Robots Hopped . | . . . . . . Potential Cave-ins . | . . . . . . Cave-ins Triggered . | . . . . . . Exploration Rate (%) 25 | 2 30 36 71 11 3 Regions Visited 5 Branch Regions 3 Pre-discovered Areas 1 | . . . 1 . . Known Exits Taken . | . . . . . . Unknown Exits Taken 5 | 1 1 1 1 1 . Scrap Searched 1 | . . 1 . . . Spaces Dug 8 | . . . . 8 . Terrain Destroyed 8 | . . . . 8 . Melee . | . . . . . . Projectile . | . . . . . . AOE 8 | . . . . 8 . Terrain Rammed . | . . . . . . Walls Destroyed . | . . . . . . Machines Disabled . | . . . . . . Actions | -11 -10 -10 -10 -9 -8 --------- Run | Yrd Mat Min Exi Min Mat Total 813 | 16 139 137 455 39 27 Wait 16 | . 1 7 3 5 . Move 747 | 9 129 123 448 22 16 Hop . | . . . . . . Pick Up 7 | . 2 2 1 2 . Fast Attach 2 | 1 . . . . 1 Attach 2 | . . . . . 2 Detach 2 | . . . . . 2 Swap 6 | 1 2 . 1 2 . Drop 9 | . 3 . 2 2 2 Fire 12 | 5 2 . . 1 4 Melee . | . . . . . . Ram . | . . . . . . Kick . | . . . . . . Crush 10 | . . 5 . 5 . Escape Stasis . | . . . . . . Rewire . | . . . . . . Trap . | . . . . . . Miscellaneous . | . . . . . . Route ------- -11/Scrapyard -10/Materials -10/Mines -10/Exiles (discovered 2 exits: [*Min x2]) -9/Mines (discovered 2 exits: [*Mat x2]) -8/Materials (discovered 1 exit: Fac) History --------- Turn | Location | Event 17 | -11/Scrapyard | Discovered new exit (range 3) 30 | -11/Scrapyard | Entered Materials 218 | -10/Materials | Met 8R-AWN 236 | -10/Materials | Discovered new exit (range 7) 250 | -10/Materials | Entered Mines 252 | -10/Mines | Followed 8R-AWN into the Mines 301 | -10/Mines | Build established: Mutant 359 | -10/Mines | Found a damaged Exp. Sensor Array with a note attached 362 | -10/Mines | Found Prototype Device 448 | -10/Mines | Discovered new exit (range 5) 464 | -10/Mines | Entered Exiles 464 | -10/Exiles | Accompanied by 2 allies 494 | -10/Exiles | Led the pair of lost Derelicts to a safe place 503 | -10/Exiles | Welcomed by 8R-AWN 528 | -10/Exiles | Met EX-HEX 575 | -10/Exiles | Met EX-BIN 594 | -10/Exiles | Aligned with FarCom system 596 | -10/Exiles | Given EX-Vault access code 632 | -10/Exiles | Opened EX-Vault 679 | -10/Exiles | Warned to stay clear of 0b10 Research branches 790 | -10/Exiles | Met EX-DEC 862 | -10/Exiles | Discovered new exit (range 10) 916 | -10/Exiles | Learned location of Zion (-6) 1020 | -10/Exiles | Found Flying Fortress v7 1121 | -10/Exiles | Learned about 8R-AWN's background 1159 | -10/Exiles | Discovered new exit (range 14) 1188 | -10/Exiles | Left Exiles lab with Flying Fortress v7 1188 | -10/Exiles | Entered Mines 1212 | -9/Mines | Learned location of 1 exit from Materials 1216 | -9/Mines | Discovered new exit (range 6) 1217 | -9/Mines | Discovered new exit (range 7) 1224 | -9/Mines | Received a Rocket Launcher from a helpful Derelict 1244 | -9/Mines | Entered Materials 1244 | -8/Materials | Evolved 4 slots: Propulsion x2, Utility x2 1245 | -8/Materials | Identified exit to Factory 1247 | -8/Materials | Identified Exp. Sensor Array 1270 | -8/Materials | Self-destructed Last Messages --------------- 01224_ JR-5YM(g): "Would you like a rocket launcher? I know I would if I were you, so I'm going to lend you mine." 01224_ JR-5YM(g) slips back into the shadows. 01229_ Dropped Grenade Launcher. 01229_ Acquired Rocket Launcher. 01229_ Dropped Com. Wheel. 01231_ Acquired Grenade Launcher. 01237_ U-05 Engineer lays Concrete. 01237_ Slammed into T-07 Excavator. PARAMETERS=PROPULSION+2,UTILITY+2 LOCATION=UNKNOWN GOAL=ESCAPE 01244_ Receiving FarCom transmissions... 01244_ Dropped Lgt. Treads. Loading 1 Materials exit... 01245_ Dropped Lgt. Treads. 01247_ Identified Exp. Sensor Array. 01253_ Acquired Imp. Terrain Scan Processor. 01268_ Y-45 Defender heat spikes uncontrollably. 01270_ Y-45 Defender heat short circuits Lgt. Treads. Map ----- +----------------------------------------------------+ | ?????????????????????????????????????????????????? | | ?????????????????????????????????????????????????? | | ?????????????????????????????????????????????????? | | ?????????????????????????????????????????????????? | | ?????????????????????????????????????????????????? | | ?????????????????????????????????????????????????? | | ?????????????????????????????????????????????????? | | ?????????????????????????????????????????????????? | | ?????????????????????????????????????????????????? | | ?????????????????????????????????????????????????? | | ??????????????????????? ?????????????????????? | | ??????????????????????? Y ?????????????????????? | | ??????????????????????? ?????????????????????? | | ??????????????????????? ?????????????????????? | | ???????????????????????# #?????????????????????? | | ???????????????????????# #?????????????????????? | | ???????????????????????# #?????????????????????? | | ???????????????????????# #?????????????????????? | | ???????????????????????# #?????????????????????? | | ???????????????????????# #?????????????????????? | | ???????????????????????# #?????????????????????? | | ???????????????????????# #?????????????????????? | | ???????????????????????# #?????????????????????? | | ????????????????######## #?????????????????????? | | ????????????????# # #?????????????????????? | | ????????????????# """ # @ #?????????????????????? | | ????????????????# """ + #?????????????????????? | | ????????????????# """ # #?????????????????????? | | ??????????????g?# # #?????????????????????? | | ????????????????# = # #?????????????????????? | | ??????????????g?######## #?????????????????????? | | ??????????????g????????# = #?????????????????????? | | ???????????????????????# = #?????????????????????? | | ???????????????????????# #?????????????????????? | | ???????????????????????#####?????????????????????? | | ?????????????????????????????????????????????????? | | ?????????????????????????????????????????????????? | | ?????????????????????????????????????????????????? | | ???????????????????????Y?????????????????????????? | | ?????????????????????????????????????????????????? | | ?????????????????????????????????????????????????? | | ?????????????????????????????????????????????????? | | ?????????????????????????????????????????????????? | | ?????????????????????????????????????????????????? | | | | | | | | | | | | | +----------------------------------------------------+ Best States ------------- Heat Dissipation 31 Energy Generation 5 Energy Capacity 125 Matter Stores 300 Matter Capacity 300 Sight Range 16 Terrain Scan Density 110 Evasion (%) 60 Recoil Reduction 2 Item Schematics ----------------- None Robot Schematics ------------------ None Fabricated ------------ Nothing Repaired ---------- Nothing Studied --------- None Alien Tech Used ----------------- None Achievements -------------- Follow The Leader Challenges ------------ None Game ------ Seed MachineUtilityBattery Manual? 0 Play Time 00:09:32 Cumulative 264.7 hours Start 2025.12.31 @ 14:57:28 End 2025.12.31 @ 16:28:40 Sessions 1 Manual Loads 0 Difficulty Rogue Special Mode None Game No. 197 Rogue 197 Adventurer 0 Explorer 0 Win Type - Total 9 Types 5/1/1/2/0/0/0/0/0/0 Lore% 77 Gallery% 71 Achievement% 58 Wizard Run 0 Options --------- Layout 0 ASCII 0 Keyboard 1 Movement Numpad Keybinds 0 Fullscreen 1 Font 24/Terminus Map View 76x50 Zoom Use 0% Tactical HUD 1 Map Filters NONE Filters NONE Steam 1 RUN: f523df82-6b6f-4740-8d0e-b9768ce6d31c